 Dungeon Crawl Stone Soup version 0.30.0-29-ga12c61a403 (webtiles) character file.

Game seed: 6412628919282261504

7 monsoonserge the Ruffian (level 2, 24/24 HPs)
             Began as a Ghoul Gladiator on June 11, 2023.
             Was a Follower of Kikubaaqudgha.
             Quit the game on level 1 of the Dungeon.
             The game lasted 00:00:57 (115 turns).

monsoonserge the Ruffian (Ghoul Gladiator)           Turns: 115, Time: 00:00:57

Health: 24/24      AC:  9    Str: 17    XL:     2   Next: 4%
Magic:  1/1        EV:  8    Int:  3    God:    Kikubaaqudgha [*.....]
Gold:   35         SH:  0    Dex: 10    Spells: 1/1 levels left

rFire   . .          .
                       - Unarmed
rCold   + . .        (no shield)
rNeg    + + +        e - +0 chain mail
rPois   ∞            b - +0 helmet
rElec   .            (no cloak)
rCorr   .            (no gloves)
SInv    .            (no boots)
Will    .....        (no amulet) Stlth
                     (no ring)
HPRegen 0.24/turn    (no ring)
MPRegen 0.07/turn

%: no passive effects
@: no status effects
A: claws 1, cold resistance 1, negative energy resistance 3, inhibited
regeneration, torment resistance 2, devour on kill
a: Renounce Religion, Unearth Wretches


You were on level 1 of the Dungeon.
You worshipped Kikubaaqudgha.
Kikubaaqudgha was aware of your devotion.
You visited 1 branch of the dungeon, and saw 1 of its levels.

You collected 35 gold pieces.

Inventory:

Missiles
 c - 3 throwing nets (quivered)
 d - a javelin
Armour
 a - a +0 leather armour
 b - a +0 helmet (worn)
 e - a +0 chain mail (worn)


   Skills:
 + Level 2.2 Fighting
 + Level 1.7 Throwing
 + Level 2.8 Dodging
 * Level 3.8 Unarmed Combat


You had one spell level left.
You didn't know any spells.
Your spell library contained the following spells:

 Spells                   Type           Power      Damage    Failure   Level
 Kiss of Death            Conj/Necr      0%         2d5       100%        1
 Necrotise                Necr           0%         1d4       100%        1
 Vampiric Draining        Necr           0%         2d6       100%        3
 Animate Dead             Necr           0%         N/A       100%        4


Dungeon Overview and Level Annotations

Branches:
Dungeon (1/15)

Altars:
Kikubaaqudgha


Innate Abilities, Weirdness & Mutations

You are immune to poison.
You have sharp fingernails.
Your flesh is cold resistant. (rC+)
You are immune to negative energy. (rN+++)
You do not regenerate when monsters are visible.
You are immune to unholy pain and torment.
You thrive by killing the living.


Message History

The ball python constricts you. The ball python misses you.
You escape the ball python's grasp.
You scratch the ball python.
The ball python is severely wounded.
The ball python bites you. The ball python closely misses you.
You barely miss the ball python.
The ball python is severely wounded.
You scratch the ball python.
You kill the ball python!
You feel better.
You claw the goblin!
You kill the goblin!
The ball python bites you. The ball python grabs you.
The ball python constricts you.
You have reached level 2!
You closely miss the ball python.
The ball python is moderately wounded.
The ball python bites you. The ball python constricts you.
You barely miss the ball python.
The ball python is moderately wounded.
The ball python barely misses you. The ball python constricts you.
You scratch the ball python.
You kill the ball python!
You feel better.
Items here: ) †††.
You start removing your armour.
You continue taking off your +0 leather armour. x4
You finish taking off your +0 leather armour.
You start putting on your armour.
You continue putting on your +0 chain mail. x5
You finish putting on your +0 chain mail.
Unknown command.
There is a faded altar of an unknown god here.
This altar belongs to (a) Wu Jian, (b) Kikubaaqudgha or (c) Ashenzari, but you can't tell which.
Press the corresponding letter to learn more about a god, or press enter to convert or escape to cancel.
Kikubaaqudgha accepts your prayer! Kikubaaqudgha welcomes you!
You can now bring forth the wretched and dying.
Kikubaaqudgha grants you a gift!
You add the spells Kiss of Death, Necrotise, Vampiric Draining and Animate Dead to your library.
Are you sure you want to abandon this character and quit the game? (Confirm with "yes".)

.......#.......#
.......#.......#
.......#...#.†.# #
.......#..###).# .## .
.......#...#..## #..#..
.......#.......###.....
########....#...#...#
#######.....# ##.@.##
#.....# #...#...#
....###.... ##..# #..##
##. .## ## #


There were no monsters in sight!

Vanquished Creatures
  An endoplasm (D:1)
  A giant cockroach (D:1)
  3 ball pythons (D:1)
  2 frilled lizards (D:1)
  A goblin (D:1)
  A rat (D:1)
9 creatures vanquished.

Notes
Turn   | Place    | Note
-------+----------+-------------------------------------------
     0 | D:1      | monsoonserge the Ghoul Gladiator began the quest for the
                  | Orb.
     0 | D:1      | Reached XP level 1. HP: 17/17 MP: 0/0
    82 | D:1      | Found a faded altar of an unknown god.
    95 | D:1      | Reached XP level 2. HP: 23/24 MP: 1/1
   114 | D:1      | Prayed at the altar of an unknown god.
   114 | D:1      | Became a worshipper of Kikubaaqudgha
   114 | D:1      | Reached * piety under Kikubaaqudgha
   114 | D:1      | Received a gift from Kikubaaqudgha
   115 | D:1      | Quit the game

Illustrated notes

Levels and vault maps discovered:
D:1:      lordsloth_arrival_two_stooges, layout_basic,
          nicolae_ecumenical_snake_handling, minmay_tiny_reverse_x

Action                     || total
---------------------------++-------
  Melee: Unarmed           ||    23
 Armour: Leather armour    ||     6
  Dodge: Dodged            ||    12
